 Dungeon Crawl Stone Soup version 0.22-a0-248-gc8378ba (webtiles) character file.

86636 ohad the Executioner (level 15, 0/195 HPs)
             Began as a Hill Orc Berserker on Feb 8, 2018.
             Was the Champion of Trog.
             Slain by an orc warrior
             ... wielding a +0 halberd
             ... led by an orc warlord
              (15 damage)
             ... on level 1 of the Orcish Mines on Feb 28, 2018.
             The game lasted 01:00:18 (23360 turns).

ohad the Executioner (Hill Orc Berserker)          Turns: 23360, Time: 01:00:19

Health: 0/195      AC: 21    Str: 27    XL:     15   Next: 87%
Magic:  0/15       EV: 15    Int:  7    God:    Trog [******]
Gold:   1692       SH:  0    Dex: 20    Spells: 14/14 levels left

rFire    + + .     SeeInvis .   a - +1 executioner's axe (vamp)
rCold    . . .     Gourm    .   (shield currently unavailable)
rNeg     . . .     Faith    .   r - +0 plate armour
rPois    +         Spirit   +   m - +2 helmet
rElec    +         Reflect  .   v - scarf {rC+ rF+}
rCorr    .         Harm     .   C - +0 pair of gloves
MR       +....                  g - +0 pair of boots
Stlth    ..........             J - amulet of guardian spirit
HPRegen  0.42/turn              w - ring of poison resistance
MPRegen  0.14/turn              H - ring of Laocwok {Fire *Contam rElec Dex+5}

@: berserking, very quick
A: no striking features
a: Berserk, Trog's Hand, Brothers in Arms, Renounce Religion


You were on level 1 of the Orcish Mines.
You worshipped Trog.
Trog was exalted by your worship.
You were hungry.

You visited 3 branches of the dungeon, and saw 20 of its levels.

You collected 1692 gold pieces.

Inventory:

Hand Weapons
 a - a +1 vampiric executioner's axe (weapon)
 M - a +0 lajatang
 V - the +8 executioner's axe "Osaurch" {chop, rF+}
   (Trog gifted it to you on level 10 of the Dungeon)

   It inflicts extra damage upon your enemies.
   It protects you from fire.
 Y - a +4 antimagic battleaxe
Missiles
 t - 8 curare-tipped needles
 A - 4 javelins (quivered)
 F - 4 silver javelins
 I - 8 javelins of returning
Armour
 g - a +0 pair of boots (worn)
 m - a +2 helmet (worn)
 r - a +0 plate armour (worn)
 v - a scarf of resistance (worn)
 C - a +0 pair of gloves (worn)
 W - +0 swamp dragon scales
Jewellery
 h - an uncursed ring of see invisible
 p - an uncursed ring of fire
 w - a ring of poison resistance (left hand)
 H - the ring of Laocwok (right hand) {Fire *Contam rElec Dex+5}
   (You found it on level 7 of the Dungeon)

   [ring of fire]

   It enhances your fire magic.
   It affects your dexterity (+5).
   It protects you from fire.
   It makes you vulnerable to cold.
   It insulates you from electricity.
   It causes magical contamination when unequipped.
 J - an amulet of guardian spirit (around neck)
Wands
 d - a wand of disintegration (25)
 j - a wand of digging (29)
 q - a wand of clouds (15)
 B - a wand of acid (8)
 N - a wand of scattershot (5)
 O - a wand of polymorph (9)
Scrolls
 f - a scroll of enchant weapon {unknown}
 l - 4 scrolls of immolation
 o - 2 scrolls of fog
 s - a scroll of brand weapon {unknown}
 u - 12 scrolls of remove curse
 z - 2 scrolls of enchant armour
 D - 6 scrolls of teleportation
 G - a scroll of magic mapping {unknown}
 K - a scroll of blinking
 L - 2 scrolls of acquirement {unknown}
Potions
 b - a potion of resistance
 e - a potion of invisibility
 i - 3 potions of heal wounds
 n - 14 potions of curing
 x - 2 potions of agility
 y - 4 potions of mutation {unknown}
 E - 3 potions of haste
 Q - 2 potions of might {unknown}
 R - 2 potions of flight
 Z - 2 potions of degeneration {unknown}
Miscellaneous
 T - a lamp of fire
 U - a lamp of fire
Comestibles
 c - 28 rations


   Skills:
 - Level 11.4 Fighting
 + Level 24.1 Axes
 - Level 11.4 Armour
 - Level 10.7 Dodging


You had 14 spell levels left.
You didn't know any spells.

Dungeon Overview and Level Annotations

Branches:
Dungeon (12/15)            Temple (0/1) D:6            Lair (6/6) D:10
  Swamp (0/4) Lair:2        Snake (0/4) Lair:4        Slime (0/5) Lair:6
    Orc (2/2) D:10            Elf (0/3) Orc:2

Altars:
Ashenzari
Elyvilon
Kikubaaqudgha
Makhleb
Nemelex Xobeh
Okawaru
Qazlal
Zin
Beogh
Jiyva

Annotations:
D:9 Torious's ghost, novice DECj


Message History

The orc warlord hits you with a great mace!
* * * LOW HITPOINT WARNING * * *
Unknown command.
You slice the orc warlord!!
The orc warlord is heavily wounded.
You closely miss the orc warrior. You completely miss the orc warrior.
You barely miss the gnoll. The orc warrior completely misses you.
The gnoll misses you. The gnoll hits you but does no damage.
Unknown command.
You closely miss the orc warlord.
The orc warlord is heavily wounded.
You chop the gnoll into pieces!!!
You feel better.
You kill the gnoll!
Trog accepts your kill.
You slice the orc warrior!!
You kill the orc warrior!
Trog accepts your kill.
You hit the orc.
You feel better.
You slash the orc warrior!
The orc warrior hits you from afar with a halberd!
You die...

...............
... ....... $..
..............#
.....g..#......
.....#...#o....
.....goooo.....
.....Ooooo.....
#....go@)o.....
##....).).....#
#.#...C.....##
............#
.......C.......
.........#.....
#..$...........
###...........#


You could see an orc warlord, a stone giant, a cyclops, 4 orc warriors, an ogre,
3 gnolls and 6 orcs.

Vanquished Creatures
  Gastronok (Lair:2)
  An orc warlord (Orc:2)
  Snorg (Lair:5)
  2 fire dragons (Lair:6)
  Fannar (D:10)
  9 hydras
  Harold (Lair:2)
  An ogre mage (Orc:2)
  7 two-headed ogres
  10 death yaks
  3 orc high priests (Orc:2)
  A swamp dragon (Lair:6)
  2 orc knights (Orc:2)
  The ghost of Soeti the Insei, a novice OpTm (D:7)
  A lindwurm (Lair:6)
  2 ugly things
  A wolf spider zombie (D:12)
  2 cyclopes
  An orc sorcerer (Orc:1)
  2 black mambas
  Psyche (D:9)
  22 elephants
  A gargoyle (D:12)
  6 torpor snails (Lair:6)
  11 spiny frogs
  15 komodo dragons
  2 ice devils (D:12)
  5 rime drakes
  9 trolls
  3 tyrant leeches (Lair:6)
  9 hornets
  A merfolk (D:10)
  14 blink frogs
  10 hippogriffs
  4 slime creatures (D:12)
  A spriggan (D:10)
  A wyvern (D:8)
  51 yaks
  A vampire (D:11)
  5 basilisks
  2 steam dragons (Lair:6)
  Grum (Lair:1)
  3 hungry ghosts
  3 wargs (Orc:2)
  A two-headed ogre zombie (D:10)
  15 water moccasins
  An acid dragon (Lair:6)
  9 porcupines
  27 orc warriors
  2 black bears
  3 swamp drakes
  A sky beast (D:11)
  A necrophage (D:10)
  An ice beast (D:11)
  2 phantoms
  13 ogres
  12 wolves
  4 centaurs
  22 crocodiles
  3 big kobolds
  Blork the orc (D:4)
  17 bullfrogs
  2 wyvern zombies
  2 gnoll sergeants (D:10)
  2 scorpions
  2 troll zombies (D:10)
  13 killer bees
  12 wights
  2 electric eels (Lair:4)
  3 howler monkeys
  6 centaur zombies
  8 crimson imps
  3 quasits
  2 bullfrog zombies
  A centaur skeleton (D:12)
  3 jellies
  A gnoll shaman (D:10)
  5 hounds
  8 orc priests
  2 bullfrog skeletons
  7 iguanas
  20 orc wizards
  7 worker ants
  A killer bee zombie (D:7)
  5 ogre zombies (D:10)
  3 hound zombies
  3 hound skeletons
  A worker ant zombie (D:9)
  Robin (D:2)
  19 gnolls
  17 adders
  A howler monkey skeleton (D:10)
  3 shadow imps
  An ooze (D:5)
  2 adder skeletons
  A worm (D:3)
  A dart slug (D:2)
  3 leopard geckos
  81 orcs
  8 giant cockroaches
  7 goblins
  19 hobgoblins
  20 jackals
  3 quokkas
  A ball python (D:3)
  7 bats
  6 frilled lizards
  2 goblin skeletons (D:10)
  5 goblin zombies (D:10)
  2 hobgoblin skeletons (D:10)
  2 hobgoblin zombies (D:10)
  16 kobolds
  A leopard gecko skeleton (D:4)
  An orc skeleton (D:10)
  13 orc zombies (D:10)
  2 quokka zombies
  9 rats
  6 fungi
  7 plants
757 creatures vanquished.

Vanquished Creatures (collateral kills)
  A hydra (Lair:2)
1 creature vanquished.

Vanquished Creatures (others)
  A two-headed ogre (Orc:2)
  2 orcs (D:9)
  17 fungi
  30 plants
50 creatures vanquished.

Grand Total: 808 creatures vanquished

Notes
Turn   | Place    | Note
-------+----------+-------------------------------------------
     0 | D:1      | ohad the Hill Orc Berserker began the quest for the Orb.
     0 | D:1      | Reached XP level 1. HP: 19/19 MP: 1/1
    41 | D:1      | Reached XP level 2. HP: 26/26 MP: 2/2
    67 | D:1      | Reached skill level 5 in Axes
   493 | D:1      | Reached XP level 3. HP: 29/31 MP: 3/3
   666 | D:1      | Reached ** piety under Trog
   924 | D:2      | Noticed Robin
  1301 | D:1      | Reached skill level 6 in Axes
  1356 | D:2      | Killed Robin
  1356 | D:2      | Reached XP level 4. HP: 39/39 MP: 4/4
  1980 | D:2      | Reached skill level 7 in Axes
  2224 | D:3      | Reached *** piety under Trog
  2413 | D:3      | Reached XP level 5. HP: 39/45 MP: 5/5
  2666 | D:4      | Noticed an ogre
  2676 | D:4      | Killed an ogre
  2894 | D:4      | Reached XP level 6. HP: 51/51 MP: 6/6
  3117 | D:4      | Reached skill level 5 in Armour
  3416 | D:4      | Reached XP level 7. HP: 47/57 MP: 7/7
  3755 | D:4      | Found a burning altar of Makhleb.
  3822 | D:4      | Upgraded the game from 0.22-a0-157-g169b76a to 0.22-a0-246-gdc04c06
  3864 | D:4      | Reached skill level 8 in Axes
  3877 | D:4      | Noticed Blork the orc
  3911 | D:4      | Killed Blork the orc
  4093 | D:4      | Reached skill level 9 in Axes
  4469 | D:5      | Entered Level 5 of the Dungeon
  4758 | D:5      | Reached **** piety under Trog
  4871 | D:5      | Reached skill level 10 in Axes
  4871 | D:5      | Reached XP level 8. HP: 22/64 MP: 8/8
  5487 | D:6      | Noticed a two-headed ogre
  5498 | D:6      | Killed a two-headed ogre
  5498 | D:6      | Reached skill level 12 in Axes
  5498 | D:6      | Reached XP level 9. HP: 70/70 MP: 9/9
  5576 | D:6      | Reached skill level 13 in Axes
  5812 | D:6      | Reached skill level 14 in Axes
  5831 | D:6      | Found an ancient bone altar of Kikubaaqudgha.
  5853 | D:6      | Found a staircase to the Ecumenical Temple.
  6084 | D:7      | Reached ***** piety under Trog
  6398 | D:7      | Got a translucent turquoise ring
  6399 | D:7      | Identified the ring of Laocwok {Fire *Contam rElec Dex+5} (You found it on level 7 of the Dungeon)
  6544 | D:7      | Received a gift from Trog
  6635 | D:7      | Found a shattered altar of Ashenzari.
  6637 | D:7      | Noticed Soeti's ghost (novice OpTm)
  6652 | D:7      | Killed Soeti's ghost
  6652 | D:7      | Reached XP level 10. HP: 77/77 MP: 10/10
  6777 | D:7      | Reached skill level 5 in Dodging
  6862 | D:8      | Received a gift from Trog
  6915 | D:8      | Reached skill level 15 in Axes
  7286 | D:8      | Found a sparkling altar of Nemelex Xobeh.
  7816 | D:8      | Noticed a two-headed ogre
  7821 | D:8      | Killed a two-headed ogre
  7821 | D:8      | Reached skill level 16 in Axes
  8764 | D:9      | Noticed Psyche
  8775 | D:9      | Killed Psyche
  8776 | D:9      | Found a white marble altar of Elyvilon.
  8865 | D:9      | Reached skill level 17 in Axes
  8942 | D:9      | Found a stormy altar of Qazlal.
  9033 | D:9      | Found a stormy altar of Qazlal.
  9054 | D:9      | Received a gift from Trog
  9056 | D:9      | Noticed Torious's ghost (novice DECj)
  9575 | D:9      | Reached XP level 11. HP: 77/82 MP: 11/11
 10039 | D:10     | Entered Level 10 of the Dungeon
 10046 | D:10     | Found a staircase to the Orcish Mines.
 10075 | D:10     | Reached skill level 5 in Fighting
 10111 | D:10     | Paralysed by fainting for 9 turns
 10460 | D:10     | Noticed Fannar
 10478 | D:10     | Killed Fannar
 10489 | D:10     | HP: 4/92 [poisoned by a gnoll]
 10844 | D:10     | Received a gift from Trog
 10854 | D:10     | Got a translucent executioner's axe {god gift}
 10857 | D:10     | Identified the +8 executioner's axe "Osaurch" {chop, rF+} (Trog gifted it to you on level 10 of the Dungeon)
 10910 | D:10     | Found a staircase to the Lair.
 11179 | D:10     | Found an iron altar of Okawaru.
 11847 | D:11     | Noticed a green ugly thing
 11853 | D:11     | Killed a green ugly thing
 11976 | D:11     | Reached XP level 12. HP: 100/100 MP: 12/12
 12208 | D:11     | Received a gift from Trog
 12490 | D:12     | Noticed a four-headed hydra
 12499 | D:12     | Killed an eight-headed hydra
 12910 | D:12     | Reached skill level 18 in Axes
 13071 | D:12     | Paralysed by a hornet for 2 turns
 13602 | D:12     | Noticed a seven-headed hydra
 13615 | D:12     | Killed an 11-headed hydra
 13615 | D:12     | Reached skill level 19 in Axes
 13702 | D:12     | Found a glowing silver altar of Zin.
 13924 | Lair:1   | Entered Level 1 of the Lair of Beasts
 14669 | Lair:1   | Noticed Grum
 14672 | Lair:1   | Reached skill level 20 in Axes
 14675 | Lair:1   | Killed Grum
 15144 | Lair:1   | Upgraded the game from 0.22-a0-246-gdc04c06 to 0.22-a0-248-gc8378ba
 15191 | Lair:2   | Reached XP level 13. HP: 94/105 MP: 13/13
 15295 | Lair:2   | Noticed Harold
 15323 | Lair:2   | Killed Harold
 15514 | Lair:2   | Reached skill level 21 in Axes
 15756 | Lair:2   | Noticed Gastronok
 15768 | Lair:2   | Killed Gastronok
 16267 | Lair:2   | Found a staircase to the Swamp.
 16778 | Lair:3   | Reached skill level 22 in Axes
 17064 | Lair:3   | Received a gift from Trog
 17359 | Lair:3   | Reached XP level 14. HP: 110/113 MP: 9/14
 17373 | Lair:3   | Reached skill level 23 in Axes
 18469 | Lair:4   | Found a staircase to the Snake Pit.
 19136 | Lair:5   | Reached skill level 10 in Fighting
 19913 | Lair:5   | Noticed Snorg
 19931 | Lair:5   | Killed Snorg
 20447 | Lair:6   | Entered Level 6 of the Lair of Beasts
 20452 | Lair:6   | Reached skill level 10 in Armour
 20507 | Lair:6   | Reached ****** piety under Trog
 20753 | Lair:6   | Received a gift from Trog
 20923 | Lair:6   | Reached XP level 15. HP: 126/130 MP: 12/15
 20944 | Lair:6   | Found a viscous altar of Jiyva.
 20945 | Lair:6   | Found a staircase to the Slime Pits.
 21314 | Lair:6   | Paralysed by a hornet for 2 turns
 21460 | Lair:6   | Reached skill level 10 in Dodging
 21728 | Lair:6   | Found a runed door.
 22554 | Orc:1    | Entered Level 1 of the Orcish Mines
 22593 | Orc:1    | Received a gift from Trog
 22715 | Orc:2    | Entered Level 2 of the Orcish Mines
 22715 | Orc:2    | Found a staircase to the Elven Halls.
 22759 | Orc:2    | Received a gift from Trog
 22844 | Orc:2    | Found a roughly hewn altar of Beogh.
 22896 | Orc:2    | Noticed an orc warlord
 22916 | Orc:2    | Killed an orc warlord
 23282 | Orc:2    | Noticed an orc warlord
 23285 | Orc:2    | Reached skill level 24 in Axes
 23348 | Orc:1    | Noticed an orc warlord
 23360 | Orc:1    | Slain by an orc warrior

Vault maps used:
D:1:      dpeg_arrival_tiny_a
D:2:      uniq_robin
D:3:      minmay_misc_feat_plants, lightli_corner_chamber
D:4:      cheibrodos_thug_alley, lemuel_crystal_altar, uniq_blork_the_orc
D:5:      first_ration
D:6:      kiku_gazebo_garden_becter, minmay_temple_entry_mist
D:7:      ashenzari_altar_1
D:8:      nemelex_xobeh_ov_fountains_minmay, hangedman_abyss_or_decor_stabs
D:9:      old_standard_altar, grunt_qazlal_clouds, basic_altar, uniq_psyche
D:10:     grunt_lair_entry_orc_guard_hut, zombieorc2_lemuel,
          hangedman_stone_soup, okawaru_metal_pillars_1_2, uniq_fannar
D:12:     portal_ice_cave_demonic_guard, basic_altar
Lair:1:   uniq_grum
Lair:2:   minmay_swamp_entry_reptiles, uniq_gastronok, uniq_harold
Lair:4:   dummy_snake_entry, serial_bayou_pond_a, grunt_megastairs_3,
          serial_bayou_shore_b, infiniplex_staircase_pool, serial_bayou_shore_a,
          lemuel_fruit_tree
Lair:5:   lab_entry_generic, uniq_snorg
Lair:6:   wormcave, guppyfry_lair_end_dragon, slime_altar_1
Orc:2:    grunt_orc_community_town_hall, grunt_orc_community_big_house_2,
          grunt_orc_community_big_house_2, grunt_orc_community_house_2,
          grunt_orc_community_house_1, grunt_orc_community_house_1,
          grunt_orc_community_house_1, grunt_orc_community_house_2

Skill      XL: |  1  2  3  4  5  6  7  8  9 10 11 12 13 14 15 |
---------------+----------------------------------------------+-----
Axes           | 5 6 7 10 12 14 17 20 22 23 24 | 24.1
Armour         | 4 6 7 8 11 | 11.4
Dodging        | 4 5 8 10 | 10.7
Fighting       | 7 11 | 11.4

Action                   |  1- 3 |  4- 6 |  7- 9 | 10-12 | 13-15 || total
-------------------------+-------+-------+-------+-------+-------++-------
Melee: Hand axe          |    94 |   248 |   179 |       |       ||   521
       War axe           |       |       |    37 |       |       ||    37
       Battleaxe         |       |       |   128 |   214 |       ||   342
       Executioner's axe |       |       |       |   487 |   904 ||  1391
Invok: Trog's Hand       |     2 |     2 |     2 |     3 |     1 ||    10
       Brothers in Arms  |       |     1 |       |       |     1 ||     2
       Berserk           |       |       |     5 |     7 |    10 ||    22
  Use: Scroll            |       |     1 |     7 |     8 |     7 ||    23
       Potion            |       |       |       |     1 |       ||     1
  Eat: Chunk             |     2 |     6 |    12 |    29 |    28 ||    77
       Ration            |       |     1 |     1 |     4 |     4 ||    10
Armor: Animal skin       |    25 |    32 |       |       |       ||    57
       Plate armour      |       |   107 |   205 |   309 |   642 ||  1263
       Scale mail        |       |       |    18 |     2 |       ||    20
       Chain mail        |       |       |       |   192 |       ||   192
Dodge: Dodged            |    85 |   106 |   119 |   468 |   644 ||  1422

Table legend:
 A = Spawn XP
 B = Non-spawn XP
 C = Spawn XP percentage of total XP
 D = Spawn monster count
 E = Non-spawn monster count
 F = Spawn count percentage of total count
 G = Total turns spent on level
                    A         B        C        D         E        F      G
               +---------+---------+-------+---------+---------+-------+---------
         Total |       0 |  123767 |   0.0 |       0 |     746 |   0.0 | 23360
               +---------+---------+-------+---------+---------+-------+---------
           D:1 |       0 |      64 |   0.0 |       0 |      37 |   0.0 |  1337
           D:2 |       0 |      72 |   0.0 |       0 |      20 |   0.0 |   746
           D:3 |       0 |      43 |   0.0 |       0 |      17 |   0.0 |   557
           D:4 |       0 |     840 |   0.0 |       0 |      38 |   0.0 |  1829
           D:5 |       0 |     296 |   0.0 |       0 |      12 |   0.0 |   816
           D:6 |       0 |    1952 |   0.0 |       0 |      31 |   0.0 |   779
           D:7 |       0 |    2076 |   0.0 |       0 |      36 |   0.0 |   789
           D:8 |       0 |    2293 |   0.0 |       0 |      30 |   0.0 |  2062
           D:9 |       0 |    2245 |   0.0 |       0 |      53 |   0.0 |  1124
          D:10 |       0 |    4128 |   0.0 |       0 |      69 |   0.0 |  1318
          D:11 |       0 |    4962 |   0.0 |       0 |      48 |   0.0 |  1191
          D:12 |       0 |    8579 |   0.0 |       0 |      37 |   0.0 |  1421
        Lair:1 |       0 |    4408 |   0.0 |       0 |      25 |   0.0 |  1263
        Lair:2 |       0 |   11340 |   0.0 |       0 |      27 |   0.0 |  1612
        Lair:3 |       0 |   13619 |   0.0 |       0 |      43 |   0.0 |  1184
        Lair:4 |       0 |    6614 |   0.0 |       0 |      24 |   0.0 |  1210
        Lair:5 |       0 |   11678 |   0.0 |       0 |      31 |   0.0 |  1375
        Lair:6 |       0 |   29984 |   0.0 |       0 |      94 |   0.0 |  1941
         Orc:1 |       0 |    2892 |   0.0 |       0 |      19 |   0.0 |   173
         Orc:2 |       0 |   15682 |   0.0 |       0 |      55 |   0.0 |   633
               +---------+---------+-------+---------+---------+-------+---------
